 Dungeon Crawl Stone Soup version 0.29-a0-2-g12fcac58f8 (webtiles) character file.

Game seed: 12870383381151280439

10407 testman the Grappler (level 11, -3/115 HPs)
             Began as a Troll Monk on Jan 26, 2022.
             Was the Champion of Zin.
             Shot with a bolt by a yaktaur (24 damage)
             ... on level 10 of the Dungeon.
             The game lasted 00:37:58 (8285 turns).

testman the Grappler (Troll Monk)                   Turns: 8285, Time: 00:37:58

Health: -3/115     AC:  6    Str: 25    XL:     11   Next: 35%
Magic:  0/16       EV: 14    Int:  6    God:    Zin [******]
Gold:   551        SH:  0    Dex: 12    Spells: 10/10 levels left

rFire   + . .      SeeInvis .     - Unarmed
rCold   + . .      Faith    .   (no shield)
rNeg    . . .      Spirit   +   P - +0 troll leather armour
rPois   +          Reflect  .   (helmet restricted)
rElec   .          Harm     .   C - scarf {rC+ rF+}
rCorr   .          Rampage  .   (gloves unavailable)
Will    .....                   (boots unavailable)
Stlth   +.........              K - amulet of guardian spirit
HPRegen 1.89/turn               j - +4 ring of evasion
MPRegen 0.15/turn               h - ring of poison resistance

@: about to teleport, on recite cooldown
A: large, unfitting armour, claws 3, regeneration 1, shaggy fur 1, tough skin 1
a: Renounce Religion, Recite, Vitalisation, Imprison, Sanctuary, Donate Gold


You were on level 10 of the Dungeon.
You worshipped Zin.
Zin was exalted by your worship.
You visited 1 branch of the dungeon, and saw 11 of its levels.

You collected 612 gold pieces.
You donated 61 gold pieces to Zin.

Inventory:

Hand Weapons
 e - a +0 hunting sling
Missiles
 b - 238 stones
 k - 33 poisoned darts
 v - 7 boomerangs
 w - 33 sling bullets
 M - 2 curare-tipped darts
 O - 2 large rocks
Armour
 y - a +2 robe of cold resistance
 C - a scarf of resistance (worn)
 P - a +0 troll leather armour (worn)
Jewellery
 a - a ring of protection from cold
 h - a ring of poison resistance (right claw)
 j - a +4 ring of evasion (left claw)
 t - a ring of ice
 K - an amulet of guardian spirit (around neck)
 L - a +6 ring of dexterity
Wands
 E - a wand of iceblast (10)
Scrolls
 f - a scroll of teleportation
 g - a scroll of blinking {unknown}
 i - 9 scrolls of identify
 m - a scroll of fear {unknown}
 n - a scroll of noise {unknown}
 o - 2 scrolls of immolation
 r - 3 scrolls of fog {unknown}
 s - 3 scrolls of amnesia {unknown}
 A - a scroll of enchant armour {unknown}
 D - 3 scrolls of vulnerability {unknown}
 F - a scroll of torment {unknown}
 G - a scroll of silence {unknown}
 I - a scroll of holy word {unknown}
 N - a scroll of summoning {unknown}
Potions
 c - 2 potions of magic {unknown}
 d - a potion of brilliance {unknown}
 l - 2 potions of cancellation {unknown}
 p - 3 potions of might
 q - 4 potions of curing
 u - 3 potions of heal wounds {unknown}
 x - a potion of flight {unknown}
 z - a potion of invisibility {unknown}
 B - a potion of degeneration {unknown}
 H - 2 potions of haste
 J - a potion of attraction {unknown}
 Q - a potion of lignification {unknown}


   Skills:
 + Level 9.4 Fighting
 - Level 2.4 Dodging
 - Level 1.0 Stealth
 + Level 11.1 Unarmed Combat
 + Level 9.0 Invocations


You had 10 spell levels left.
You didn't know any spells.
Your spell library contained the following spells:

 Spells                   Type           Power      Damage    Failure   Level
 Animate Skeleton         Necr           0%         N/A       50%         1
 Freeze                   Ice            0%         1d3       50%         1
 Pain                     Necr           0%         1d4       50%         1
 Ensorcelled Hibernation  Hex/Ice        0%         N/A       65%         2
 Static Discharge         Conj/Air       0%         N/A       65%         2
 Sublimation of Blood     Necr           0%         N/A       65%         2
 Wereblood                Tmut           0%         N/A       65%         2
 Frozen Ramparts          Ice            0%         1d2       86%         3
 Spider Form              Tmut/Pois      0%         N/A       86%         3
 Vampiric Draining        Necr           0%         2d6       86%         3
 Anguish                  Hex/Necr       0%         N/A       99%         4
 Dispel Undead            Necr           0%         3d6       99%         4
 Hailstorm                Conj/Ice       0%         3d3       99%         4
 Sticky Flame             Conj/Fire      0%         2d3       99%         4
 Agony                    Necr           0%         N/A       100%        5
 Excruciating Wounds      Necr           0%         N/A       100%        5
 Summon Hydra             Summ           0%         N/A       100%        7


Dungeon Overview and Level Annotations

Branches:
Dungeon (11/15)            Temple (0/1) D:5
   Lair: D:8-11         Orc: D:9-12

Altars:
Gozag
Hepliaklqana
Vehumet
Zin


Innate Abilities, Weirdness & Mutations

You are too large for most types of armour.
You have claws for hands.
Your natural rate of healing is unusually fast.
You are covered in fur. (AC +1)
You have tough skin. (AC +1)


Message History

An acid dragon comes into view.
The cyan ugly thing bites you. The cyan ugly thing shocks you!
You closely miss the cyan ugly thing.
The cyan ugly thing is moderately wounded. "...they become as damned as the forces of darkness."
You finish reciting Anathema 18:42.
The cyan ugly thing bites you! The cyan ugly thing shocks you!
You mangle the cyan ugly thing!!
The cyan ugly thing is almost dead.
A deep elf pyromancer comes into view. It is wielding a +0 long sword.
The cyan ugly thing bites you. The cyan ugly thing shocks you!
Okay, then.
As you read the scroll of teleportation, it crumbles to dust.
You feel strangely unstable.
A centaur warrior comes into view.
The centaur warrior hits you! The centaur warrior closely misses you.
The acid dragon bites you. The acid dragon claws you.
The cyan ugly thing closely misses you.
The centaur warrior wields a +0 shortbow.
The centaur warrior shoots an arrow.
The arrow hits you! The acid dragon spits acid at you.
The splash of acid hits you!!
* * * LOW HITPOINT WARNING * * *
A cyclops comes into view.
Your surroundings suddenly seem different.
An orc knight comes into view.
It is wielding a +2 war axe of venom and wearing a +3 plate armour of fire resistance.
A yaktaur comes into view. It is wielding a staff of poison.
Unknown command.
As you read the scroll of teleportation, it crumbles to dust.
You feel strangely unstable.
The yaktaur wields a +2 arbalest of flaming.
It bursts into flame!
The yaktaur shoots a bolt.
The bolt hits you!!
* * * LOW HITPOINT WARNING * * *
The bolt burns you.
* * * LOW HITPOINT WARNING * * *
You feel better.
The sentinel's mark upon you fades away.
An ogre mage comes into view. It is wielding a +0 club.
The yaktaur shoots a bolt.
The bolt hits you!!
You die...

# ###...##........# ##..
## #............##. #...
.# ##...........#.# #
##.#.
.#####..........##. .#
#..#.
...##...........#.# ...
##....
....>.†........##. ..
#..##.
.....))........#.##.####
##.....
......).......#.........
#......
.......)......#.@###
#......
...[.........##..##
#.......
.............#....#
#.......
............##....#
........
............#..#..o#
........
...........##......#
........
...........#..#.#.c.#
#.........
..........##.. ...CO#
#..........
..........#..#
#.#...##..........


You could see an orc knight, an ogre mage, a cyclops and a yaktaur.

Vanquished Creatures
  A centaur warrior (D:9)
  2 two-headed ogres
  Pikel (D:6)
  The ghost of Creed the Destroyer, a novice DsCj of Vehumet (D:6)
  A cyclops (D:10)
  An unseen horror (D:6)
  3 trolls
  Sigmund (D:3)
  A vampire (D:10)
  3 wyverns
  4 yaks (D:8)
  A wraith (D:10)
  A steam dragon (D:8)
  An acid dragon (D:10)
  5 orc warriors
  A necrophage (D:5)
  2 sky beasts
  3 centaurs
  3 ogres
  A lemure (D:6)
  5 kobold brigands
  2 phantoms (D:6)
  A gnoll sergeant (D:9)
  2 bullfrogs (D:7)
  A scorpion (D:7)
  5 killer bees (D:7)
  4 wights (D:8)
  2 howler monkeys (D:7)
  A crimson imp (D:5)
  5 centaur zombies
  4 hounds
  2 jellies
  A gnoll shaman (D:8)
  3 bullfrog skeletons
  5 orc priests
  An iguana (D:5)
  10 orc wizards
  A scorpion zombie (D:5)
  A killer bee zombie (D:8)
  3 hound skeletons
  A howler monkey skeleton (D:6)
  4 adders
  6 gnolls
  4 white imps
  A dart slug (D:1)
  21 orcs
  7 ball pythons
  8 bats
  4 endoplasms
  2 giant cockroaches
  9 goblins
  7 hobgoblins
  4 jackals (D:3)
  2 quokkas
  3 frilled lizards
  26 kobolds
  3 rats
208 creatures vanquished.

Notes
Turn   | Place    | Note
-------+----------+-------------------------------------------
     0 | D:1      | testman the Troll Monk began the quest for the Orb.
     0 | D:1      | Reached XP level 1. HP: 22/22 MP: 0/0
   135 | D:1      | Reached XP level 2. HP: 28/29 MP: 1/1
   771 | D:2      | Reached XP level 3. HP: 33/37 MP: 2/2
   810 | D:2      | Found a faded altar of an unknown god.
  1058 | D:2      | Found a radiant altar of Vehumet.
  1127 | D:2      | Prayed at the altar of an unknown god.
  1127 | D:2      | Became a worshipper of Zin the Law-Giver
  1127 | D:2      | Reached * piety under Zin
  1127 | D:2      | Reached ** piety under Zin
  1127 | D:2      | Reached *** piety under Zin
  1906 | D:3      | Noticed Sigmund
  1930 | D:3      | Killed Sigmund
  1931 | D:3      | Reached skill level 5 in Unarmed Combat
  1931 | D:3      | Reached XP level 4. HP: 25/48 MP: 3/3
  1931 | D:3      | Reached XP level 5. HP: 29/54 MP: 4/4
  2283 | D:4      | Reached XP level 6. HP: 62/62 MP: 5/5
  2540 | D:4      | Reached **** piety under Zin
  2563 | D:4      | Reached skill level 1 in Invocations
  3039 | D:5      | Entered Level 5 of the Dungeon
  3112 | D:5      | Noticed a sky beast
  3442 | D:5      | Reached XP level 7. HP: 70/71 MP: 7/7
  3636 | D:5      | Found a staircase to the Ecumenical Temple.
  3656 | D:5      | Reached skill level 5 in Fighting
  3656 | D:5      | Reached skill level 6 in Unarmed Combat
  3773 | D:5      | Found a hazy altar of Hepliaklqana.
  3985 | D:6      | Noticed Pikel
  3997 | D:6      | Killed Pikel
  3998 | D:6      | Reached skill level 7 in Unarmed Combat
  3998 | D:6      | Reached XP level 8. HP: 83/83 MP: 8/10
  4175 | D:6      | Reached ***** piety under Zin
  4517 | D:6      | Found a runed translucent door.
  4517 | D:6      | Noticed Creed's ghost (novice DsCj)
  4544 | D:6      | Killed Creed's ghost
  4545 | D:6      | Reached skill level 5 in Invocations
  4545 | D:6      | Reached XP level 9. HP: 31/92 MP: 11/11
  4556 | D:6      | Killed an unseen horror
  4557 | D:6      | Reached skill level 8 in Unarmed Combat
  5768 | D:8      | Reached skill level 9 in Unarmed Combat
  5953 | D:8      | Reached XP level 10. HP: 74/104 MP: 14/14
  6123 | D:8      | Noticed a two-headed ogre
  6137 | D:8      | Killed a two-headed ogre
  6148 | D:8      | Identified the +1 helmet of Perfidy {rPois Will++ Stlth-}
  6197 | D:8      | Found an opulent altar of Gozag.
  6532 | D:8      | You fall into a shaft and drop 3 floors!
  6626 | D:11     | Noticed a six-headed hydra
  6655 | D:10     | Entered Level 10 of the Dungeon
  6678 | D:10     | Noticed a cyclops
  6734 | D:10     | Reached skill level 10 in Unarmed Combat
  6742 | D:10     | Zin protects you from harm!
  6933 | D:9      | Noticed a centaur warrior
  6940 | D:9      | Killed a centaur warrior
  6950 | D:9      | Noticed a two-headed ogre
  6992 | D:9      | Killed a two-headed ogre
  6993 | D:9      | Reached XP level 11. HP: 37/115 MP: 16/16
  7139 | D:9      | Reached ****** piety under Zin
  8040 | D:10     | Reached skill level 11 in Unarmed Combat
  8266 | D:10     | Noticed a cyan ugly thing
  8278 | D:10     | Noticed a deep elf pyromancer
  8279 | D:10     | Noticed a centaur warrior
  8281 | D:10     | Noticed an orc knight
  8283 | D:10     | Noticed an ogre mage
  8285 | D:10     | Shot with a bolt by a yaktaur

Illustrated notes

Levels and vault maps discovered:
D:1:      dpeg_arrival_solitude, layout_basic
D:2:      layout_basic, nicolae_ecumenical_lake_church, basic_altar,
          columned_hall_lemuel
D:3:      layout_basic, uniq_sigmund
D:4:      layout_basic
D:5:      cheibrodos_helix_gallery, layout_basic, nzn_hepliaklqana_mist_gate,
          minmay_temple_entry_steel_oval, minmay_fire_ice_demons
D:6:      layout_loops_ring, ebering_ghost_inner_flame, uniq_pikel
D:7:      layout_basic, st_stairs_14
D:8:      kennysheep_blocky_hall, layout_basic,
          mainiacjoe_overflow_small_starburst
D:9:      layout_loops_ring
D:10:     minmay_the_grid_triangle_9x9_rhombus_thin_mashed
          [minmay_the_grid_triangle_9x9_cache,
          minmay_the_grid_triangle_9x9_prize_center,
          minmay_the_grid_triangle_9x9_negative_grid,
          minmay_the_grid_triangle_9x9_thin_v], layout_cross
D:11:     layout_irregular_city, lair_entry_dummy, david_orc_4

Skill      XL: |  1  2  3  4  5  6  7  8  9 10 11 |
---------------+----------------------------------+-----
Fighting       | 3 4 5 6 7 9 |  9.4
Unarmed Combat | 5 7 9 10 11 | 11.1
Invocations    | 2 4 5 6 8 9 |  9.0
Dodging        | |  2.4
Stealth        | |  1.0

Action                   |  1- 3 |  4- 6 |  7- 9 | 10-12 || total
-------------------------+-------+-------+-------+-------++-------
Melee: Unarmed           |   121 |    73 |   202 |   196 ||   592
       Punch             |     1 |     5 |     6 |    12 ||    24
Invok: Recite            |     1 |     4 |    14 |    13 ||    32
       Vitalisation      |       |       |       |     1 ||     1
  Use: Scroll            |       |     2 |       |     5 ||     7
       Potion            |       |       |       |     1 ||     1
 Stab: Sleeping          |     1 |       |       |       ||     1
       Confused          |       |       |     2 |     5 ||     7
       Paralysed         |       |       |       |     2 ||     2
       Invisible         |       |       |       |     1 ||     1
Armor: Robe              |    43 |    24 |    41 |    41 ||   149
       Troll leather arm |       |       |       |     3 ||     3
Dodge: Dodged            |    69 |    25 |   107 |   120 ||   321

Table legend: (Time is in decaauts)
 A = Elapsed time spent in this place.
 B = Non-inter-level travel time spent in this place.
 C = Inter-level travel time spent in this place.
 D = Time resting spent in this place.
 E = Time spent auto-exploring this place.
 F = Levels seen in this place.
 G = Mean time per level.
                   A        B        C        D        E       F      G
               +--------+--------+--------+--------+--------+-----+--------+
         Total |   8206 |   7878 |    328 |    476 |   5723 |  11 |  746.0 |
       Dungeon |   8206 |   7878 |    328 |    476 |   5723 |  11 |  746.0 |
               +--------+--------+--------+--------+--------+-----+--------+

Top non-repeatable levels by time:
     D:8: 1160 daAuts
     D:5: 915 daAuts
     D:9: 887 daAuts
     D:7: 882 daAuts
     D:4: 823 daAuts
     D:2: 797 daAuts
     D:6: 778 daAuts
     D:1: 718 daAuts
     D:3: 693 daAuts
    D:10: 430 daAuts
    D:11: 120 daAuts
